 Dungeon Crawl Stone Soup version 0.24.0-37-gcf1ca852f1 (webtiles) character file.

Game seed: 15991741351151474429, levelgen mode: deterministic

6064 grindst0ne the Nimble (level 10, -7/84 HPs)
             Began as a Vampire Gladiator on Nov 21, 2019.
             Was an Initiate of Gozag.
             Killed from afar by a deep elf knight (23 damage)
             ... with a stone arrow
             ... in a bailey.
             The game lasted 00:16:11 (6680 turns).

grindst0ne the Nimble (Vampire Gladiator)           Turns: 6680, Time: 00:16:12

Health: -7/84      AC: 14    Str: 28    XL:     10   Next: 57%
Magic:  0/10       EV: 20    Int: 10    God:    Gozag
Gold:   1487       SH:  0    Dex: 18    Spells: 9/9 levels left

rFire    + . .     SeeInvis +   y - +3 flail "Afevos" {protect, +Blink rElec rPois Str+10 Dex-2}
rCold    . . .     Gourm    .   (no shield)
rNeg     . . .     Faith    .   A - +3 chain mail
rPois    +         Spirit   +   m - +1 hat
rElec    +         Reflect  .   r - scarf {Spirit}
rCorr    .         Harm     .   z - +1 pair of gloves of the Sacrificial Victim {*Contam rPois Str+2 Dex+3}
MR       +....                  (no boots)
Stlth    ..........             p - amulet of the acrobat
HPRegen  0.44/turn              i - +4 ring of evasion
MPRegen  0.12/turn              G - ring of protection from fire

@: regenerating quickly
A: no food, fangs 3, see invisible, unbreathing
a: Exsanguinate, Potion Petition, Call Merchant, Bribe Branch, Renounce
Religion, Evoke Blink


You were in a bailey.
You worshipped Gozag.
Gozag was most pleased with you.
You were alive.

You visited 1 branch of the dungeon, and saw 9 of its levels.
You also visited: Bailey.

You collected 1531 gold pieces.
You paid 44 gold pieces to Gozag.

Inventory:

Hand Weapons
 t - a +4 vampiric short sword
 y - the +3 flail "Afevos" (weapon) {protect, +Blink rElec rPois Str+10 Dex-2}
   (You found it on level 4 of the Dungeon)

   It grants its wielder temporary protection when it strikes (+7 to AC).
   It affects your strength (+10).
   It affects your dexterity (-2).
   It insulates you from electricity.
   It protects you from poison.
   It lets you blink.
Missiles
 g - 15 boomerangs (quivered)
Armour
 m - a +1 hat (worn)
 r - a scarf of spirit shield (worn)
 z - the +1 pair of gloves of the Sacrificial Victim (worn) {*Contam rPois Str+2 Dex+3}
   (You found it on level 7 of the Dungeon)

   It affects your strength (+2).
   It affects your dexterity (+3).
   It protects you from poison.
   It causes magical contamination when unequipped.
 A - a +3 chain mail (worn)
Jewellery
 i - a +4 ring of evasion (left hand)
 p - an amulet of the acrobat (around neck)
 G - a ring of protection from fire (right hand)
Wands
 E - a wand of random effects (16)
Scrolls
 a - 3 scrolls of fog
 b - a scroll of magic mapping
 f - 2 scrolls of blinking {unknown}
 o - 6 scrolls of remove curse
 v - 2 scrolls of immolation
 w - a scroll of fear
 x - 3 scrolls of teleportation
 B - 3 scrolls of random uselessness {unknown}
 C - a scroll of enchant armour
 F - a scroll of enchant weapon {unknown}
Potions
 c - 2 potions of magic
 h - 4 potions of flight
 k - a potion of lignification
 l - a potion of resistance
 n - a potion of degeneration
 q - 2 potions of curing
 u - 3 potions of brilliance


   Skills:
 + Level 9.7 Fighting
   Level 7.2 Long Blades
 - Level 1.5 Throwing
 + Level 11.6 Dodging


You had 9 spell levels left.
You didn't know any spells.
Your spell library contained the following spells:

 Spells                   Type           Power        Failure   Level  Hunger
 Beastly Appendage        Tmut           #.....       94%         1    N/A
 Confusing Touch          Hex            #.....       94%         1    N/A
 Magic Dart               Conj           #...         94%         1    N/A
 Blink                    Tloc           N/A          98%         2    N/A
 Call Imp                 Summ           #.......     98%         2    N/A
 Slow                     Hex            #.......     98%         2    N/A
 Sticks to Snakes         Tmut           #.......     98%         2    N/A
 Confuse                  Hex            #.......     100%        3    N/A
 Conjure Flame            Conj/Fire      #.......     100%        3    N/A
 Gell's Gravitas          Tloc           #.........   100%        3    N/A
 Mephitic Cloud           Conj/Pois/Air  #.......     100%        3    N/A
 Spider Form              Tmut/Pois      #.........   100%        3    N/A
 Ice Form                 Ice/Tmut       #.......     100%        4    N/A
 Petrify                  Tmut/Erth      #.......     100%        4    N/A
 Blade Hands              Tmut           #.........   100%        5    N/A
 Metabolic Englaciation   Hex/Ice        #.........   100%        5    N/A
 Yara's Violent Unravell  Hex/Tmut       #.........   100%        5    N/A

Dungeon Overview and Level Annotations

Branches:
Dungeon (9/15)             Temple (0/1) D:7          Bailey (1/1)
   Lair: D:8-11         Orc: D:9-12

Altars:
Ashenzari
Cheibriados
Gozag
Kikubaaqudgha
Makhleb
Okawaru
Qazlal
Ru
Sif Muna
Trog
Xom

Shops:
D:9 !

Annotations:
D:1 exclusion: downstairs
D:4 exclusion: downstairs
D:5 3 runed translucent doors, Arum's ghost, novice TeGl


Innate Abilities, Weirdness & Mutations

You do not eat.
Your natural rate of healing is unusually fast.
You have razor-sharp teeth.
You have supernaturally acute eyesight. (SInv)
You can survive without breathing.


Message History

Press: ? - help, Shift-Dir - straight line, f/p - deep elf knight
Aim: a deep elf knight, wielding a -1 short sword and wearing a +0 leather armour (severely wounded, fast)
You throw a throwing net.
The throwing net closely misses the deep elf knight.
The deep elf knight hits you with a cursed -1 short sword!
* * * LOW HITPOINT WARNING * * *
Throwing (i - inventory. (/) - cycle)
d - a throwing net (quivered)
Press: ? - help, Shift-Dir - straight line, f/p - deep elf knight
Aim: a deep elf knight, wielding a -1 short sword and wearing a +0 leather armour (severely wounded, fast)
You throw a throwing net.
The throwing net hits the deep elf knight.
The deep elf knight is caught in the net!
The deep elf knight is severely wounded.
The deep elf knight struggles against the net.
You completely miss the deep elf knight.
The deep elf knight is severely wounded.
The deep elf knight gestures at you while chanting.
The stone arrow hits you!!
You die...
Your body crumbles into a pile of gold.

$ #.....#.....#
#.....#.....#
#...)#....# #
#####)##### ##.
##....#....## #..
#.....#)....#
#.e.
#.....#..∩..#
..##.....#.....#
#'##@..###...###
##.e######'##..##
#(...##...##....#
#(...#.....#....#
##..##..∩..##..##
######...######
#####


You could see a deep elf knight (caught).

Vanquished Creatures
  Harold (D:8)
  Pikel (D:5)
  6 deep elf magi (Bailey)
  Joseph (D:7)
  A wyvern (D:9)
  Menkaure (D:5)
  An ice beast (D:8)
  Duvessa (D:4)
  2 sky beasts
  3 slaves
  A phantom (D:8)
  4 ogres
  4 bullfrogs
  A big kobold (D:8)
  Dowan (D:4)
  A water moccasin zombie (D:5)
  2 scorpions
  2 howler monkeys
  A bullfrog zombie (D:6)
  A crimson imp (D:6)
  6 hounds
  A quasit (D:9)
  2 orc priests (D:7)
  A jelly (D:5)
  Jessica (D:3)
  A centaur skeleton (D:5)
  An iguana (D:4)
  Terence (D:3)
  Ijyb (D:3)
  2 orc wizards
  A worker ant (D:4)
  Robin (D:2)
  6 gnolls
  7 adders
  2 shadow imps
  4 oozes
  4 adder zombies
  4 worms
  3 dart slugs
  6 leopard geckos
  21 orcs
  9 bats
  4 giant cockroaches
  15 goblins
  9 hobgoblins
  7 jackals
  3 quokkas
  A ball python (D:3)
  5 frilled lizards
  A jackal skeleton (D:6)
  16 kobolds
  6 rats
188 creatures vanquished.

Vanquished Creatures (others)
  A deep elf mage (Bailey)
1 creature vanquished.

Grand Total: 189 creatures vanquished

Notes
Turn   | Place    | Note
-------+----------+-------------------------------------------
     0 | D:1      | grindst0ne the Vampire Gladiator began the quest for the
                  | Orb.
     0 | D:1      | Reached XP level 1. HP: 16/16 MP: 1/1
   210 | D:1      | Reached XP level 2. HP: 12/22 MP: 2/2
   824 | D:1      | Reached XP level 3. HP: 27/28 MP: 3/3
  1200 | D:2      | Reached skill level 4 in Dodging
  1211 | D:2      | Found a burning altar of Makhleb.
  1211 | D:2      | Noticed a cacodemon
  1338 | D:2      | Reached XP level 4. HP: 10/34 MP: 4/4
  1526 | D:2      | Noticed Robin
  1536 | D:2      | Killed Robin
  1564 | D:2      | Found an opulent altar of Gozag.
  1577 | D:2      | Became a worshipper of Gozag Ym Sagoz the Greedy
  2005 | D:2      | Reached XP level 5. HP: 39/41 MP: 5/5
  2027 | D:3      | Noticed Jessica
  2032 | D:3      | Killed Jessica
  2129 | D:3      | Found a shimmering blue altar of Sif Muna.
  2282 | D:3      | Noticed Ijyb
  2303 | D:3      | Paralysed by Ijyb for 4 turns
  2313 | D:3      | Killed Ijyb
  2451 | D:3      | Found a stormy altar of Qazlal.
  2596 | D:3      | Noticed Terence
  2603 | D:3      | Killed Terence
  2603 | D:3      | Reached skill level 5 in Dodging
  2793 | D:3      | Found a bloodstained altar of Trog.
  2793 | D:3      | Found an iron altar of Okawaru.
  2856 | D:4      | Noticed Duvessa
  2856 | D:4      | Noticed Dowan
  2871 | D:4      | Killed Duvessa
  2871 | D:4      | Reached XP level 6. HP: 46/48 MP: 4/6
  2874 | D:4      | Killed Dowan
  2928 | D:4      | Reached skill level 5 in Long Blades
  2938 | D:4      | Found a stormy altar of Qazlal.
  3116 | D:4      | Got a fine flail
  3117 | D:4      | Identified the +3 flail "Afevos" {protect, +Blink rElec
                  | rPois Str+10 Dex-2} (You found it on level 4 of the
                  | Dungeon)
  3151 | D:4      | Reached XP level 7. HP: 55/55 MP: 7/7
  3207 | D:4      | Found an ancient bone altar of Kikubaaqudgha.
  3541 | D:5      | Entered Level 5 of the Dungeon
  3692 | D:5      | Noticed Menkaure
  3753 | D:5      | Reached skill level 6 in Dodging
  3914 | D:5      | Noticed Pikel
  3934 | D:5      | Killed Pikel
  3934 | D:5      | Reached skill level 5 in Fighting
  3934 | D:5      | Reached XP level 8. HP: 55/62 MP: 8/8
  4001 | D:5      | Reached skill level 7 in Dodging
  4027 | D:5      | Found a shimmering altar of Xom.
  4146 | D:5      | Noticed Arum's ghost (novice TeGl)
  4149 | D:5      | Found a runed translucent gate.
  4149 | D:5      | Found a runed translucent gate.
  4149 | D:5      | Found a runed translucent gate.
  4230 | D:5      | Killed Menkaure
  4539 | D:6      | Reached skill level 8 in Dodging
  4745 | D:6      | Reached XP level 9. HP: 71/71 MP: 9/9
  4850 | D:7      | Got a pair of scorched gloves
  4861 | D:7      | Identified the +1 pair of gloves of the Sacrificial Victim
                  | {*Contam rPois Str+2 Dex+3} (You found it on level 7 of the
                  | Dungeon)
  4865 | D:7      | Found a staircase to the Ecumenical Temple.
  5051 | D:7      | Noticed Joseph
  5070 | D:7      | Killed Joseph
  5074 | D:7      | Reached skill level 9 in Dodging
  5108 | D:7      | Found a shattered altar of Ashenzari.
  5149 | D:7      | Found a sacrificial altar of Ru.
  5237 | D:7      | Found a snail-covered altar of Cheibriados.
  5755 | D:8      | Noticed Harold
  5773 | D:8      | Killed Harold
  5773 | D:8      | Reached skill level 10 in Dodging
  6214 | D:9      | Reached XP level 10. HP: 82/82 MP: 10/10
  6217 | D:9      | Found an iron altar of Okawaru.
  6268 | D:9      | Found Niek's Distillery.
  6403 | D:9      | Found a flagged portal.
  6412 | Bailey   | Entered a bailey
  6420 | Bailey   | Noticed a deep elf mage
  6447 | Bailey   | Killed a deep elf mage
  6586 | Bailey   | Noticed a deep elf mage
  6587 | Bailey   | Noticed a deep elf mage
  6587 | Bailey   | Noticed a deep elf mage
  6592 | Bailey   | Killed a deep elf mage
  6592 | Bailey   | Reached skill level 11 in Dodging
  6592 | Bailey   | Noticed a deep elf mage
  6598 | Bailey   | Killed a deep elf mage
  6598 | Bailey   | Noticed a deep elf mage
  6603 | Bailey   | Noticed a deep elf mage
  6606 | Bailey   | Killed a deep elf mage
  6611 | Bailey   | Killed a deep elf mage
  6612 | Bailey   | Killed a deep elf mage
  6642 | Bailey   | Killed a deep elf mage
  6660 | Bailey   | Noticed a deep elf knight
  6680 | Bailey   | Killed from afar by a deep elf knight

Levels and vault maps discovered:
D:1:      dpeg_arrival_court, layout_basic
D:2:      layout_loops_cross, lemuel_round_altar, makhleb_altar_promises_db,
          uniq_robin
D:3:      layout_loops_cross, lemuel_doored_altar,
          gammafunk_temple_overflow_elements, dk_noncrumbling_2,
          nicolae_qazlal_general_emergency, uniq_ijyb, uniq_terence,
          uniq_jessica
D:4:      layout_loops_ring, kennysheep_mini_moat, lemuel_crystal_altar,
          first_ration, uniq_duvessa
D:5:      layout_rooms, nicolae_overflow_crystal_walls,
          ebering_ghost_rock_garden, uniq_menkaure, uniq_pikel
D:6:      layout_layer_cave, minmay_joined_circles
D:7:      layout_loops_ring, cheibrodos_worm_habitat, evilmike_ruin_ashenzari,
          nicolae_ru_awakened_eye, minmay_temple_entry_statues_pillars,
          uniq_joseph
D:8:      layout_cave_pools, uniq_harold
D:9:      layout_roguey [special_room_orc], enter_bailey_2, serial_shops, shop,
          hangedman_little_slice_of_home, okawaru_trees_2
Bailey:   bailey_polearm_3, bailey

Skill      XL: |  1  2  3  4  5  6  7  8  9 10 |
---------------+-------------------------------+-----
Fighting       | 2 3 4 5 6 8 9 |  9.7
Dodging        | 4 5 6 8 10 11 | 11.6
Long Blades    | 4 5 6 7 |  7.2
Throwing       | |  1.5

Action                   |  1- 3 |  4- 6 |  7- 9 | 10-12 || total
-------------------------+-------+-------+-------+-------++-------
Melee: Long sword        |   105 |   118 |       |       ||   223
       Bite              |    16 |    18 |    56 |    18 ||   108
       Short sword       |       |    63 |       |       ||    63
       Flail             |       |     4 |   332 |    77 ||   413
Throw: Throwing net      |       |       |       |    14 ||    14
Invok: Potion Petition   |       |       |       |     1 ||     1
Evoke: Wand              |       |       |       |     2 ||     2
  Use: Scroll            |       |    12 |     3 |     2 ||    17
       Potion            |       |     2 |       |     6 ||     8
 Stab: Sleeping          |     2 |       |       |       ||     2
       Distracted        |       |     1 |     2 |       ||     3
       Invisible         |       |       |       |     2 ||     2
       Held in net/web   |       |       |       |     2 ||     2
Armor: Leather armour    |    17 |    14 |       |       ||    31
       Ring mail         |    12 |    37 |       |       ||    49
       Chain mail        |       |       |   167 |    35 ||   202
Dodge: Dodged            |    78 |   146 |   422 |   107 ||   753
       Rpst.: Long sword |    30 |    31 |       |       ||    61
